[Event "Mitropa Online Cup Open 2021"]
[Site "Hybrid"]
[Date "2021.05.04"]
[Round "6.3"]
[White "Blohberger, Felix"]
[Black "Kurmann, Oliver"]
[Result "1-0"]
[ECO "B22"]
[WhiteElo "2463"]
[BlackElo "2430"]
[Annotator "ChessBase"]
[PlyCount "101"]
[EventDate "2021.05.04"]
[EventType "team-tourn"]
[EventCountry "NET"]
[SourceTitle "playchess.com"]
[Source "ChessBase"]
[SourceQuality "1"]
[WhiteTeam "Austria"]
[BlackTeam "Switzerland"]
[WhiteTeamCountry "AUT"]
[BlackTeamCountry "SUI"]
[TimeControl "40/5400+30:1800+30"]

1. e4 c5 2. c3 Nf6 3. e5 Nd5 4. Nf3 e6 5. d4 cxd4 6. cxd4 d6 7. Bc4 Be7 8. O-O O-O 9. Qe2 b6 10. Bxd5 exd5 11. Rd1 Na6 12. Nc3 Nc7 13. h3 Bb7 14. Bf4 Rc8 15. Rac1 Qd7 16. Bg5 Bxg5 17. Nxg5 dxe5 18. dxe5 Qf5 19. Nf3 Rfe8 20. Qd3 Qh5 21. Nb5 Nxb5 22. Qxb5 Qf5 23. Rc7 Ba8 24. Qd7 Qxd7 25. Rxd7 a5 26. Rd6 d4 27. Nxd4 Rxe5 28. Rxb6 g6 29. Rb5 Rce8 30. Rxe5 Rxe5 31. b3 h5 32. h4 Kg7 33. f3 Rc5 34. Kf2 Kf6 35. Ke3 Bb7 36. Ne2 Re5+ 37. Kf2 Ke7 38. a3 Rb5 39. Rb1 Kd6 40. b4 axb4 41. Rxb4 Rxb4 42. axb4 Bc8 43. Ke3 Ke5 44. Nc3 f6 45. b5 g5 46. g3 Bb7 47. Ne4 gxh4 48. gxh4 Bd5 49. b6 f5 50. f4+ Ke6 51. b7 1-0

[Event "Mitropa Online Cup Open 2021"]
[Site "Hybrid"]
[Date "2021.05.04"]
[Round "6.3"]
[White "Baenziger, Fabian"]
[Black "Schwabeneder, Florian"]
[Result "1/2-1/2"]
[ECO "D61"]
[WhiteElo "2400"]
[BlackElo "2443"]
[Annotator "NA"]
[PlyCount "65"]
[EventDate "2021.05.04"]
[EventType "team-tourn"]
[EventCountry "NET"]
[SourceTitle "playchess.com"]
[Source "ChessBase"]
[SourceQuality "1"]
[WhiteTeam "Switzerland"]
[BlackTeam "Austria"]
[WhiteTeamCountry "SUI"]
[BlackTeamCountry "AUT"]
[TimeControl "40/5400+30:1800+30"]

1. d4 Nf6 2. c4 e6 3. Nc3 d5 4. Bg5 Be7 5. e3 Nbd7 6. Nf3 O-O 7. Qc2 a6 8. cxd5 exd5 9. Bd3 Re8 10. O-O Nf8 11. h3 c6 12. Bf4 Ng6 13. Bh2 Bd6 14. Bxd6 Qxd6 15. Na4 Ne4 16. Nb6 Rb8 17. Nxc8 Rbxc8 18. Nd2 f5 19. Nf3 Rc7 20. g3 Nh8 21. Kg2 Nf7 22. h4 g6 23. Rac1 Re6 24. Rh1 Rce7 25. a3 h6 26. Rce1 Rf6 27. Re2 Ree6 28. Ree1 g5 29. hxg5 hxg5 30. Rh5 Rh6 31. Reh1 g4 32. Bxe4 fxe4 33. Ng5 1/2-1/2

[Event "Mitropa Online Cup Open 2021"]
[Site "Hybrid"]
[Date "2021.05.04"]
[Round "6.3"]
[White "Morgunov, Marc"]
[Black "Fecker, Noah"]
[Result "1/2-1/2"]
[ECO "B11"]
[WhiteElo "2385"]
[BlackElo "2308"]
[Annotator "NA"]
[PlyCount "60"]
[EventDate "2021.05.04"]
[EventType "team-tourn"]
[EventCountry "NET"]
[SourceTitle "playchess.com"]
[Source "ChessBase"]
[SourceQuality "1"]
[WhiteTeam "Austria"]
[BlackTeam "Switzerland"]
[WhiteTeamCountry "AUT"]
[BlackTeamCountry "SUI"]
[TimeControl "40/5400+30:1800+30"]

1. e4 c6 2. Nc3 d5 3. Nf3 dxe4 4. Nxe4 Nf6 5. Qe2 Nxe4 6. Qxe4 Nd7 7. Bc4 Nf6 8. Ne5 e6 9. Qe2 b5 10. Bd3 Qc7 11. b3 Bd6 12. Bb2 Nd5 13. O-O Nf4 14. Qe3 Nxd3 15. Nxd3 O-O 16. Be5 Rd8 17. Rfe1 a5 18. a3 Bxe5 19. Qxe5 Qxe5 20. Rxe5 f6 21. Rc5 e5 22. Rxc6 Bf5 23. Rb6 Bxd3 24. cxd3 Rac8 25. Rxb5 Rxd3 26. Rxa5 Rc2 27. b4 Rdxd2 28. Rc5 Rb2 29. Rf1 Rd3 30. a4 Rxb4 1/2-1/2

[Event "Mitropa Online Cup Open 2021"]
[Site "Hybrid"]
[Date "2021.05.04"]
[Round "6.4"]
[White "Sochacki, Christophe"]
[Black "Kovacevic, Blazimir"]
[Result "1-0"]
[ECO "C10"]
[WhiteElo "2477"]
[BlackElo "2410"]
[Annotator "ChessBase"]
[PlyCount "159"]
[EventDate "2021.05.04"]
[EventType "team-tourn"]
[EventCountry "NET"]
[SourceTitle "playchess.com"]
[Source "ChessBase"]
[SourceQuality "1"]
[WhiteTeam "France"]
[BlackTeam "Croatia"]
[WhiteTeamCountry "FRA"]
[BlackTeamCountry "CRO"]
[TimeControl "40/5400+30:1800+30"]

1. e4 e6 2. d4 d5 3. Nc3 Be7 4. Bd3 Nc6 5. Nf3 Nb4 6. Bb5+ c6 7. Be2 Nf6 8. e5 Ne4 9. O-O c5 10. Be3 Nc6 11. dxc5 Nxc5 12. Nb5 O-O 13. c4 a6 14. cxd5 exd5 15. Nbd4 Bg4 16. Rc1 Ne6 17. Nxc6 bxc6 18. Qa4 Bxf3 19. Bxf3 Bg5 20. Qxc6 Bxe3 21. fxe3 Qb8 22. Qc3 Rd8 23. Rfd1 Qb5 24. Qb3 Qxb3 25. axb3 Rac8 26. Rxc8 Rxc8 27. Bxd5 Rc5 28. h4 Kf8 29. Kf2 Rc2+ 30. Kf3 Rxb2 31. Rc1 Rd2 32. Rc8+ Ke7 33. Bc4 Ra2 34. Ra8 Ra5 35. Ra7+ Kf8 36. Rxa6 Rxe5 37. Ra7 Rc5 38. Ke4 h5 39. Kd3 g5 40. g3 gxh4 41. gxh4 Rf5 42. b4 Rf1 43. Bxe6 fxe6 44. b5 Rb1 45. Kc4 Ke8 46. Rh7 Kd8 47. Kc5 Re1 48. b6 Kc8 49. Kd4 Rb1 50. b7+ Kb8 51. Ke5 Rb4 52. e4 Ka7 53. Re7 Kb8 54. Rd7 Ka7 55. Rd4 Rb6 56. Rd6 Rb4 57. Rxe6 Kxb7 58. Rd6 Kc7 59. Rd4 Rb8 60. Kf6 Rf8+ 61. Kg5 Kc6 62. Kxh5 Rg8 63. Kh6 Rg4 64. h5 Kc5 65. Rd5+ Kc6 66. Rd4 Kc5 67. Ra4 Kc6 68. Kh7 Kd7 69. h6 Ke7 70. Kh8 Kf7 71. Ra7+ Kf8 72. e5 Re4 73. Ra5 Re1 74. Kh7 Rg1 75. Ra7 Rg2 76. e6 Re2 77. Rf7+ Ke8 78. Kg8 Rxe6 79. h7 Rh6 80. Rg7 1-0

[Event "Mitropa Online Cup Open 2021"]
[Site "Hybrid"]
[Date "2021.05.04"]
[Round "6.5"]
[White "Lodici, Lorenzo"]
[Black "Spalir, Jernej"]
[Result "1/2-1/2"]
[ECO "E04"]
[WhiteElo "2483"]
[BlackElo "2389"]
[Annotator "ChessBase"]
[PlyCount "61"]
[EventDate "2021.05.04"]
[EventType "team-tourn"]
[EventCountry "NET"]
[SourceTitle "playchess.com"]
[Source "ChessBase"]
[SourceQuality "1"]
[WhiteTeam "Italy"]
[BlackTeam "Slovenia"]
[WhiteTeamCountry "ITA"]
[BlackTeamCountry "SLO"]
[TimeControl "40/5400+30:1800+30"]

1. d4 Nf6 2. c4 e6 3. g3 d5 4. Nf3 dxc4 5. Bg2 a6 6. O-O Nc6 7. e3 Bd7 8. Qe2 Bd6 9. Qxc4 O-O 10. Nbd2 Qe7 11. Qc2 Rab8 12. Nc4 b5 13. Nce5 Nb4 14. Qb3 c5 15. dxc5 Bxc5 16. Bd2 Rfc8 17. Bxb4 Bxb4 18. Nd4 Rb6 19. Nxd7 Nxd7 20. Rac1 Rxc1 21. Rxc1 Bc5 22. Nc6 Qe8 23. a4 bxa4 24. Qxa4 Bf8 25. Ne5 Rb5 26. Bc6 Rxe5 27. Bxd7 Qb8 28. b3 Rc5 29. Rd1 Qb7 30. Ra1 Rc2 31. Be8 1/2-1/2

[Event "Mitropa Online Cup Open 2021"]
[Site "Hybrid"]
[Date "2021.05.04"]
[Round "6.5"]
[White "Markoja, Boris"]
[Black "Moroni, Luca Jr"]
[Result "0-1"]
[ECO "A50"]
[WhiteElo "2442"]
[BlackElo "2557"]
[Annotator "ChessBase"]
[PlyCount "72"]
[EventDate "2021.05.04"]
[EventType "team-tourn"]
[EventCountry "NET"]
[SourceTitle "playchess.com"]
[Source "ChessBase"]
[SourceQuality "1"]
[WhiteTeam "Slovenia"]
[BlackTeam "Italy"]
[WhiteTeamCountry "SLO"]
[BlackTeamCountry "ITA"]
[TimeControl "40/5400+30:1800+30"]

1. d4 Nf6 2. c4 b6 3. f3 Nc6 4. Nc3 e5 5. d5 Ne7 6. e4 Ng6 7. Be3 Bc5 8. Qd2 Bxe3 9. Qxe3 c6 10. g3 O-O 11. Bd3 b5 12. dxc6 b4 13. Na4 dxc6 14. Ne2 Qa5 15. b3 Rd8 16. O-O-O Nf8 17. c5 Ne6 18. Kb1 Ba6 19. Bxa6 Qxa6 20. Nb2 Qb5 21. Nd3 Nd7 22. Rc1 a5 23. Rc4 Qa6 24. f4 a4 25. Nxb4 Qb7 26. Nd3 axb3 27. a4 b2 28. Rb4 Qa6 29. Nc3 Qa5 30. Rc4 Rdb8 31. f5 Nd4 32. Nxe5 Nb5 33. Nxd7 Na3+ 34. Ka2 Nxc4 35. Qd4 b1=Q+ 36. Rxb1 Qxa4+ 0-1

[Event "Mitropa Online Cup Open 2021"]
[Site "Hybrid"]
[Date "2021.05.04"]
[Round "7.1"]
[White "Sonis, Francesco"]
[Black "Koellner, Ruben Gideon"]
[Result "1-0"]
[ECO "E08"]
[WhiteElo "2493"]
[BlackElo "2412"]
[Annotator "ChessBase"]
[PlyCount "185"]
[EventDate "2021.05.04"]
[EventType "team-tourn"]
[EventCountry "NET"]
[SourceTitle "playchess.com"]
[Source "ChessBase"]
[SourceQuality "1"]
[WhiteTeam "Italy"]
[BlackTeam "Germany"]
[WhiteTeamCountry "ITA"]
[BlackTeamCountry "GER"]
[TimeControl "40/5400+30:1800+30"]

1. d4 Nf6 2. c4 e6 3. Nf3 d5 4. g3 Bb4+ 5. Bd2 Be7 6. Bg2 O-O 7. Qc2 c6 8. O-O Nbd7 9. Rd1 b6 10. Bf4 Ba6 11. Nbd2 Rc8 12. Ne5 Nxe5 13. dxe5 Nd7 14. h4 h6 15. Qc3 g5 16. hxg5 hxg5 17. Qf3 Kg7 18. Qg4 Rg8 19. Nf3 Kf8 20. Be3 Bxc4 21. Rd2 c5 22. Rc2 Ke8 23. Qh5 Nf8 24. b3 Ba6 25. Rd1 Bb7 26. Bc1 Ba8 27. Qg4 Ng6 28. Bb2 Rc7 29. Bf1 d4 30. e4 Bb7 31. Rdc1 Qa8 32. Bb5+ Kf8 33. Nxg5 Bxg5 34. Qxg5 Bxe4 35. Rd2 Bf3 36. Rxd4 cxd4 37. Rxc7 Rg7 38. Rd7 Kg8 39. Rd8+ Nf8 40. Qxg7+ Kxg7 41. Rxa8 Bxa8 42. Bxd4 Ng6 43. Bd3 Bf3 44. Kf1 Ne7 45. Ke1 Nd5 46. Kd2 Kf8 47. a3 Kg7 48. b4 Kf8 49. b5 Ke7 50. a4 Kd7 51. Bb2 Kc7 52. Ba3 Kd7 53. Bc2 Kc8 54. Bd6 Kb7 55. Bd3 Kc8 56. Bc4 Kb7 57. Bf1 Kc8 58. Bh3 Kb7 59. g4 Kc8 60. Bf8 Kb7 61. g5 Be4 62. Bf1 Kc8 63. Be2 Kb7 64. Bh5 Bg6 65. Bf3 Kc8 66. Bd6 Bf5 67. Bg2 Bg6 68. Bf1 Be4 69. Be2 Kb7 70. Ba3 Kc7 71. Bd1 Kb7 72. Bc1 Kc7 73. f3 Bf5 74. Bb3 Kb7 75. Ke1 Kc7 76. Bd2 Bd3 77. f4 Kd7 78. Kf2 a6 79. bxa6 Bxa6 80. f5 Bd3 81. f6 Kc6 82. Be3 Bg6 83. Bxd5+ exd5 84. Ke2 b5 85. a5 b4 86. Bd2 Kb5 87. Bxb4 d4 88. Bd2 Kc5 89. Kf3 Kd5 90. Kf4 Kc6 91. e6 Kd6 92. e7 Kd7 93. a6 1-0

[Event "Mitropa Online Cup Open 2021"]
[Site "Hybrid"]
[Date "2021.05.04"]
[Round "7.1"]
[White "Parvanyan, Ashot"]
[Black "Basso, Pier Luigi"]
[Result "0-1"]
[ECO "D23"]
[WhiteElo "2436"]
[BlackElo "2552"]
[Annotator "ChessBase"]
[PlyCount "80"]
[EventDate "2021.05.04"]
[EventType "team-tourn"]
[EventCountry "NET"]
[SourceTitle "playchess.com"]
[Source "ChessBase"]
[SourceQuality "1"]
[WhiteTeam "Germany"]
[BlackTeam "Italy"]
[WhiteTeamCountry "GER"]
[BlackTeamCountry "ITA"]
[TimeControl "40/5400+30:1800+30"]

1. Nf3 d5 2. d4 Nf6 3. c4 c6 4. Qb3 dxc4 5. Qxc4 Bg4 6. Nbd2 Nbd7 7. g3 e6 8. Bg2 Bd6 9. Qb3 Nb6 10. O-O O-O 11. h3 Bh5 12. a4 a5 13. g4 Bg6 14. Ne5 Bb4 15. Rd1 Qe7 16. Nxg6 hxg6 17. Nf3 Nfd7 18. Bg5 f6 19. Bd2 Rfe8 20. e4 Bxd2 21. Rxd2 Kh7 22. h4 Qb4 23. Qc2 e5 24. b3 c5 25. dxe5 Nxe5 26. Nxe5 fxe5 27. Rad1 Rf8 28. Rd6 Rf4 29. h5 g5 30. f3 c4 31. Rg6 Rc8 32. bxc4 Rxc4 33. Qf2 Rd4 34. Rxd4 exd4 35. Qc2 Nc4 36. Kh2 Ne5 37. Rxg5 Qe7 38. Rf5 Qh4+ 39. Kg1 Rxf5 40. exf5 Qe1+ 0-1

[Event "Mitropa Online Cup Open 2021"]
[Site "Hybrid"]
[Date "2021.05.04"]
[Round "7.3"]
[White "Dragnev, Valentin"]
[Black "Rogic, Davor"]
[Result "1-0"]
[ECO "C97"]
[WhiteElo "2559"]
[BlackElo "2492"]
[Annotator "ChessBase"]
[PlyCount "79"]
[EventDate "2021.05.04"]
[EventType "team-tourn"]
[EventCountry "NET"]
[SourceTitle "playchess.com"]
[Source "ChessBase"]
[SourceQuality "1"]
[WhiteTeam "Austria"]
[BlackTeam "Croatia"]
[WhiteTeamCountry "AUT"]
[BlackTeamCountry "CRO"]
[TimeControl "40/5400+30:1800+30"]

1. e4 e5 2. Nf3 Nc6 3. Bb5 a6 4. Ba4 Nf6 5. O-O Be7 6. Re1 b5 7. Bb3 d6 8. c3 O-O 9. h3 Na5 10. Bc2 c5 11. d4 Qc7 12. d5 Nc4 13. b3 Nb6 14. a4 Bd7 15. Qe2 Rab8 16. a5 Nc8 17. Nbd2 Ne8 18. Nf1 Bd8 19. Ng3 g6 20. Rf1 Ng7 21. Nh2 h5 22. Qd2 c4 23. b4 f5 24. Qh6 f4 25. Nf3 Be8 26. Ne2 Bf6 27. Ng5 Bxg5 28. Qxg5 f3 29. gxf3 Rxf3 30. Kg2 Qf7 31. Be3 Ne7 32. Ng1 Rf6 33. f4 Nxd5 34. exd5 Nf5 35. fxe5 Qxd5+ 36. Nf3 dxe5 37. Qxf6 Nxe3+ 38. Kh2 Nxc2 39. Ng5 Bf7 40. Rad1 1-0

[Event "Mitropa Online Cup Open 2021"]
[Site "Hybrid"]
[Date "2021.05.04"]
[Round "7.3"]
[White "Froewis, Georg"]
[Black "Zelcic, Robert"]
[Result "0-1"]
[ECO "A14"]
[WhiteElo "2460"]
[BlackElo "2539"]
[Annotator "ChessBase"]
[PlyCount "114"]
[EventDate "2021.05.04"]
[EventType "team-tourn"]
[EventCountry "NET"]
[SourceTitle "playchess.com"]
[Source "ChessBase"]
[SourceQuality "1"]
[WhiteTeam "Austria"]
[BlackTeam "Croatia"]
[WhiteTeamCountry "AUT"]
[BlackTeamCountry "CRO"]
[TimeControl "40/5400+30:1800+30"]

1. Nf3 Nf6 2. c4 e6 3. b3 d5 4. Bb2 Be7 5. g3 O-O 6. Bg2 a5 7. O-O a4 8. Qc2 Nc6 9. d4 Ne4 10. Nbd2 a3 11. Bc3 Nxc3 12. Qxc3 Bb4 13. Qd3 b6 14. Rfd1 Ba6 15. Rac1 Be7 16. Qb1 Nb4 17. Nf1 Rc8 18. Ne3 c5 19. dxc5 Bxc5 20. Nc2 Qf6 21. Nxa3 e5 22. Qb2 e4 23. Nd4 Nd3 24. Rxd3 exd3 25. e3 dxc4 26. bxc4 Rfe8 27. Bf1 Rcd8 28. Rd1 Bxd4 29. exd4 Qxd4 30. Qxd4 Rxd4 31. Rxd3 Rxd3 32. Bxd3 Re1+ 33. Kg2 Bb7+ 34. Kh3 Rd1 35. Bc2 Rd2 36. f4 Bc8+ 37. g4 Re2 38. Kh4 Rxh2+ 39. Kg3 Rh1 40. f5 Bb7 41. Nb5 Rf1 42. Nd6 Rf3+ 43. Kh4 Rc3 44. Bb3 Bg2 45. g5 Kf8 46. Kg4 Bc6 47. Nc8 b5 48. cxb5 Bxb5 49. Nd6 Be2+ 50. Kh4 f6 51. gxf6 gxf6 52. Ne4 Rc6 53. Kg3 Ke7 54. Bd5 Rc7 55. a4 Bd1 56. a5 Ra7 57. Nc3 Rxa5 0-1

[Event "Mitropa Online Cup Open 2021"]
[Site "Hybrid"]
[Date "2021.05.04"]
[Round "7.3"]
[White "Kovacevic, Blazimir"]
[Black "Blohberger, Felix"]
[Result "0-1"]
[ECO "D33"]
[WhiteElo "2410"]
[BlackElo "2463"]
[Annotator "ChessBase"]
[PlyCount "94"]
[EventDate "2021.05.04"]
[EventType "team-tourn"]
[EventCountry "NET"]
[SourceTitle "playchess.com"]
[Source "ChessBase"]
[SourceQuality "1"]
[WhiteTeam "Croatia"]
[BlackTeam "Austria"]
[WhiteTeamCountry "CRO"]
[BlackTeamCountry "AUT"]
[TimeControl "40/5400+30:1800+30"]

1. c4 c5 2. Nf3 Nf6 3. Nc3 e6 4. g3 d5 5. cxd5 exd5 6. d4 Nc6 7. Bg2 cxd4 8. Nxd4 Bc5 9. Nb3 Bb6 10. O-O d4 11. Na4 O-O 12. Nxb6 axb6 13. Bg5 Re8 14. e3 d3 15. Bxf6 gxf6 16. Qd2 Bf5 17. Rfd1 Qd6 18. f3 Red8 19. Bf1 Be6 20. Bxd3 Bxb3 21. Bxh7+ Kxh7 22. Qxd6 Rxd6 23. Rxd6 Be6 24. a3 Kg7 25. e4 Kf8 26. Kf2 Ke7 27. Rd2 Na5 28. Rc1 Nc4 29. Rdc2 b5 30. g4 Rd8 31. a4 Ne5 32. Ra1 bxa4 33. Rc7+ Rd7 34. Rxd7+ Bxd7 35. Rb1 b5 36. h4 b4 37. Ke3 Be6 38. f4 Nxg4+ 39. Kd4 f5 40. e5 Kf8 41. Kc5 a3 42. bxa3 bxa3 43. Rb8+ Kg7 44. Ra8 a2 45. Kd4 Kg6 46. Kc3 Ne3 47. Kb2 Kh7 0-1

[Event "Mitropa Online Cup Open 2021"]
[Site "Hybrid"]
[Date "2021.05.04"]
[Round "7.3"]
[White "Tica, Sven"]
[Black "Schwabeneder, Florian"]
[Result "1/2-1/2"]
[ECO "E64"]
[WhiteElo "2396"]
[BlackElo "2443"]
[Annotator "NA"]
[PlyCount "63"]
[EventDate "2021.05.04"]
[EventType "team-tourn"]
[EventCountry "NET"]
[SourceTitle "playchess.com"]
[Source "ChessBase"]
[SourceQuality "1"]
[WhiteTeam "Croatia"]
[BlackTeam "Austria"]
[WhiteTeamCountry "CRO"]
[BlackTeamCountry "AUT"]
[TimeControl "40/5400+30:1800+30"]

1. d4 Nf6 2. c4 c5 3. d5 g6 4. Nc3 Bg7 5. g3 O-O 6. Bg2 d6 7. Nf3 e5 8. O-O Na6 9. Ne1 Nc7 10. Nd3 Ng4 11. f3 Nh6 12. e4 f5 13. Be3 Bd7 14. a4 b6 15. Qd2 Nf7 16. b4 h5 17. a5 h4 18. axb6 axb6 19. Rxa8 Qxa8 20. Bh3 hxg3 21. hxg3 Qa3 22. Rb1 f4 23. Bxd7 fxe3 24. Qb2 Qxb2 25. Rxb2 Ng5 26. Bg4 Nxf3+ 27. Bxf3 Rxf3 28. Kg2 Rf8 29. b5 Ra8 30. Ra2 Rxa2+ 31. Nxa2 Ne8 32. Kf3 1/2-1/2

[Event "Mitropa Online Cup Open 2021"]
[Site "Hybrid"]
[Date "2021.05.04"]
[Round "7.4"]
[White "Studer, Noel"]
[Black "Mihok, Oliver"]
[Result "1-0"]
[ECO "E91"]
[WhiteElo "2579"]
[BlackElo "2547"]
[Annotator "ChessBase"]
[PlyCount "115"]
[EventDate "2021.05.04"]
[EventType "team-tourn"]
[EventCountry "NET"]
[SourceTitle "playchess.com"]
[Source "ChessBase"]
[SourceQuality "1"]
[WhiteTeam "Switzerland"]
[BlackTeam "Hungary"]
[WhiteTeamCountry "SUI"]
[BlackTeamCountry "HUN"]
[TimeControl "40/5400+30:1800+30"]

1. d4 Nf6 2. c4 g6 3. Nc3 Bg7 4. e4 d6 5. Nf3 Bg4 6. Be2 O-O 7. Be3 Nfd7 8. Qd2 e5 9. d5 Bxf3 10. Bxf3 f5 11. Qe2 a5 12. h4 f4 13. Bd2 Na6 14. h5 g5 15. h6 Bf6 16. O-O-O Ndc5 17. Kb1 Nb4 18. Nb5 Nbd3 19. Bc3 c6 20. Na3 Nb4 21. Bg4 Kh8 22. Bf5 Qc7 23. g3 Na4 24. Be1 Qb6 25. f3 fxg3 26. Rh3 Qa6 27. Rxg3 cxd5 28. exd5 e4 29. fxe4 Nxb2 30. Rd2 Na4 31. Nb5 Qb6 32. Bf2 Qd8 33. Qg4 Nb6 34. Qe2 Be5 35. Bd4 Qf6 36. a3 Na6 37. Bxe5 Qxe5 38. Rxg5 Rf6 39. Rd1 Nc5 40. Rdg1 Nb3 41. Ka2 Rxh6 42. Kxb3 Rf8 43. Be6 a4+ 44. Kb4 Rg6 45. Rxe5 Rxg1 46. Nxd6 Rb1+ 47. Kc5 Rff1 48. Nf7+ Kg7 49. Rg5+ Kf8 50. Ne5 Ke7 51. d6+ Kxe6 52. Qg4+ Kf6 53. Rf5+ Rxf5 54. Qxf5+ Kg7 55. Qg5+ Kf8 56. Qf6+ Kg8 57. Qf7+ Kh8 58. Qf8# 1-0

[Event "Mitropa Online Cup Open 2021"]
[Site "Hybrid"]
[Date "2021.05.04"]
[Round "7.4"]
[White "Nagy, Gabor"]
[Black "Baenziger, Fabian"]
[Result "1-0"]
[ECO "E07"]
[WhiteElo "2511"]
[BlackElo "2400"]
[Annotator "ChessBase"]
[PlyCount "61"]
[EventDate "2021.05.04"]
[EventType "team-tourn"]
[EventCountry "NET"]
[SourceTitle "playchess.com"]
[Source "ChessBase"]
[SourceQuality "1"]
[WhiteTeam "Hungary"]
[BlackTeam "Switzerland"]
[WhiteTeamCountry "HUN"]
[BlackTeamCountry "SUI"]
[TimeControl "40/5400+30:1800+30"]

1. d4 d5 2. Nf3 Nf6 3. c4 c6 4. Nc3 e6 5. g3 Nbd7 6. Qd3 b6 7. Bg2 Be7 8. O-O Ba6 9. b3 O-O 10. Rd1 Rc8 11. e4 dxc4 12. bxc4 b5 13. cxb5 cxb5 14. e5 Nd5 15. Nxd5 exd5 16. a4 Qb6 17. Qf5 Qe6 18. Bh3 Qxf5 19. Bxf5 Rc7 20. e6 Nf6 21. Bf4 Rb7 22. exf7+ Kxf7 23. Ng5+ Ke8 24. Ne6 b4 25. Nxf8 Kxf8 26. Bc8 Rb6 27. a5 Rc6 28. Bxa6 Rxa6 29. f3 Rc6 30. a6 Nd7 31. Ra5 1-0

[Event "Mitropa Online Cup Open 2021"]
[Site "Hybrid"]
[Date "2021.05.04"]
[Round "7.4"]
[White "Fecker, Noah"]
[Black "Borhy, Marcell"]
[Result "1/2-1/2"]
[ECO "B52"]
[WhiteElo "2308"]
[BlackElo "2406"]
[Annotator "NA"]
[PlyCount "64"]
[EventDate "2021.05.04"]
[EventType "team-tourn"]
[EventCountry "NET"]
[SourceTitle "playchess.com"]
[Source "ChessBase"]
[SourceQuality "1"]
[WhiteTeam "Switzerland"]
[BlackTeam "Hungary"]
[WhiteTeamCountry "SUI"]
[BlackTeamCountry "HUN"]
[TimeControl "40/5400+30:1800+30"]

1. e4 c5 2. Nf3 d6 3. Bb5+ Bd7 4. Bxd7+ Qxd7 5. c4 Nf6 6. Nc3 g6 7. d4 cxd4 8. Nxd4 Bg7 9. f3 O-O 10. Be3 Nc6 11. O-O a6 12. Qd3 Ne5 13. Qe2 e6 14. b3 Qc7 15. Rac1 Rac8 16. Rfd1 Rfd8 17. Kh1 Qa5 18. Qd2 Nc6 19. Nxc6 Rxc6 20. Bd4 b5 21. Nd5 Qxd2 22. Ne7+ Kf8 23. Nxc6 Qxa2 24. Nxd8 Ne8 25. Bxg7+ Kxg7 26. cxb5 axb5 27. Nc6 Qxb3 28. Nd4 Qa4 29. Ra1 Qc4 30. Rac1 Qa4 31. Ra1 Qc4 32. Rac1 Qa4 1/2-1/2

[Event "Mitropa Online Cup Open 2021"]
[Site "Hybrid"]
[Date "2021.05.04"]
[Round "7.5"]
[White "Gazik, Viktor"]
[Black "Nguyen, Thai Dai Van"]
[Result "1-0"]
[ECO "C45"]
[WhiteElo "2542"]
[BlackElo "2577"]
[Annotator "ChessBase"]
[PlyCount "85"]
[EventDate "2021.05.04"]
[EventType "team-tourn"]
[EventCountry "NET"]
[SourceTitle "playchess.com"]
[Source "ChessBase"]
[SourceQuality "1"]
[WhiteTeam "Slovakia"]
[BlackTeam "Czech Republic"]
[WhiteTeamCountry "SVK"]
[BlackTeamCountry "CZE"]
[TimeControl "40/5400+30:1800+30"]

1. e4 e5 2. Nf3 Nc6 3. d4 exd4 4. Nxd4 Qf6 5. Nf3 Bb4+ 6. Nbd2 Nge7 7. Bd3 d6 8. O-O O-O 9. c3 Bc5 10. e5 Nxe5 11. Nxe5 dxe5 12. Ne4 Qc6 13. Qh5 Ng6 14. Ng5 h6 15. Nxf7 Rxf7 16. Bxg6 Rf6 17. Bc2 Be6 18. Be3 Bxe3 19. fxe3 Bc4 20. Rxf6 Qxf6 21. Qg4 Bd5 22. Rf1 Qg5 23. Qxg5 hxg5 24. Rf5 Bxa2 25. Rxe5 Rd8 26. Ra5 Rd2 27. Be4 Be6 28. b4 Ra2 29. Re5 Kf7 30. Bxb7 Kf6 31. Rc5 Re2 32. e4 Ra2 33. Rxc7 a5 34. Rc6 Ra1+ 35. Kf2 Ke7 36. Ra6 Ra2+ 37. Kg1 Ra1+ 38. Kf2 Ra2+ 39. Ke3 Rc2 40. Kd3 Rxg2 41. bxa5 Rxh2 42. Rxe6+ Kxe6 43. a6 1-0

[Event "Mitropa Online Cup Open 2021"]
[Site "Hybrid"]
[Date "2021.05.04"]
[Round "7.5"]
[White "Krejci, Jan"]
[Black "Pechac, Jergus"]
[Result "1-0"]
[ECO "D45"]
[WhiteElo "2540"]
[BlackElo "2519"]
[Annotator "ChessBase"]
[PlyCount "69"]
[EventDate "2021.05.04"]
[EventType "team-tourn"]
[EventCountry "NET"]
[SourceTitle "playchess.com"]
[Source "ChessBase"]
[SourceQuality "1"]
[WhiteTeam "Czech Republic"]
[BlackTeam "Slovakia"]
[WhiteTeamCountry "CZE"]
[BlackTeamCountry "SVK"]
[TimeControl "40/5400+30:1800+30"]

1. c4 c6 2. Nf3 d5 3. e3 Nf6 4. Nc3 e6 5. b3 Bd6 6. Bb2 O-O 7. d4 Nbd7 8. Be2 b6 9. O-O Bb7 10. Qc2 Qe7 11. Rad1 Rad8 12. Rfe1 Rfe8 13. Bf1 c5 14. cxd5 exd5 15. g3 Rc8 16. dxc5 bxc5 17. Bg2 Nb6 18. Qf5 Bb8 19. Rc1 Qe6 20. Qb1 Qg4 21. Nd2 Ba6 22. a4 Qb4 23. Red1 c4 24. Na2 Qe7 25. Bxf6 Qxf6 26. Nb4 c3 27. Nxa6 cxd2 28. Rxc8 Rxc8 29. Nxb8 Qc3 30. Qa2 Rxb8 31. a5 Nd7 32. Bxd5 Ne5 33. Qxd2 Rxb3 34. Rc1 Qxd2 35. Rc8# 1-0

[Event "Mitropa Online Cup Open 2021"]
[Site "Hybrid"]
[Date "2021.05.04"]
[Round "7.5"]
[White "Druska, Juraj"]
[Black "Kriebel, Tadeas"]
[Result "1/2-1/2"]
[ECO "B47"]
[WhiteElo "2494"]
[BlackElo "2527"]
[Annotator "ChessBase"]
[PlyCount "67"]
[EventDate "2021.05.04"]
[EventType "team-tourn"]
[EventCountry "NET"]
[SourceTitle "playchess.com"]
[Source "ChessBase"]
[SourceQuality "1"]
[WhiteTeam "Slovakia"]
[BlackTeam "Czech Republic"]
[WhiteTeamCountry "SVK"]
[BlackTeamCountry "CZE"]
[TimeControl "40/5400+30:1800+30"]

1. e4 c5 2. Nf3 e6 3. d4 cxd4 4. Nxd4 Nc6 5. Nc3 Qc7 6. g3 a6 7. Bg2 Nf6 8. O-O Nxd4 9. Qxd4 Bc5 10. Bf4 d6 11. Qd2 h6 12. Rad1 e5 13. Be3 Bb4 14. Nb5 axb5 15. Qxb4 Rxa2 16. Rxd6 O-O 17. Rd2 Be6 18. Rfd1 Ng4 19. Bc5 Rc8 20. Be7 Ra4 21. Qd6 Rd4 22. Rxd4 exd4 23. Qxc7 Rxc7 24. h3 Rxe7 25. hxg4 Rc7 26. Rxd4 Rxc2 27. e5 Rxb2 28. Bxb7 b4 29. Bd5 b3 30. Bxe6 fxe6 31. Rd8+ Kh7 32. Rb8 Kg6 33. Rb7 Rb1+ 34. Kg2 1/2-1/2